 Dungeon Crawl Stone Soup version 0.28.0-53-g5a82cb258f (webtiles) character file.

Game seed: 5570110100640754643

408 kblaster33 the Skirmisher (level 6, -3/48 HPs)
             Began as a Vampire Fighter on Aug 16, 2022.
             Was an Initiate of Dithmenos.
             Slain by a gnoll
             ... wielding a +2 halberd of protection
              (12 damage)
             ... on level 3 of the Dungeon.
             The game lasted 00:12:38 (2316 turns).

kblaster33 the Skirmisher (Vampire Fighter)         Turns: 2316, Time: 00:12:39

Health: -3/48      AC:  8    Str: 16 (17) XL:     6   Next: 57%
Magic:  6/6        EV:  6    Int: 11      God:    Dithmenos [......]
Gold:   66         SH:  4    Dex: 13      Spells: 5/5 levels left

rFire   . . .      SeeInvis +   k - +0 spear (distort)
rCold   . . .      Faith    .   c - +0 buckler
rNeg    + . .      Spirit   .   b - +0 scale mail
rPois   .          Reflect  .   f - +0 helmet
rElec   .          Harm     .   (no cloak)
rCorr   .          Rampage  .   (no gloves)
Will    .....                   (no boots)
Stlth   ..........              (no amulet)
HPRegen 0.36/turn               j - ring of positive energy
MPRegen 0.10/turn               m - +4 ring of slaying

@: healing quickly, constricted
A: alive, fangs 3, see invisible, vampiric 2
a: Exsanguinate, Renounce Religion


You were on level 3 of the Dungeon.
You worshipped Dithmenos.
Dithmenos was noncommittal.
You visited 1 branch of the dungeon, and saw 4 of its levels.

You collected 66 gold pieces.

Inventory:

Hand Weapons
 a - a +0 war axe
 e - a +0 short sword of venom
 k - a +0 spear of distortion (weapon)
 o - a +1 dagger of venom
 p - a +3 quarterstaff
Armour
 b - a +0 scale mail (worn)
 c - a +0 buckler (worn)
 f - a +0 helmet (worn)
 n - a +0 scale mail
Jewellery
 j - a ring of positive energy (left hand)
 m - a +4 ring of slaying (right hand)
 r - a ring of wizardry
Scrolls
 g - 4 scrolls of identify {unknown}
 h - 2 scrolls of teleportation {unknown}
 l - a scroll of vulnerability {unknown}
 q - a scroll of noise {unknown}
Potions
 d - 2 potions of might
 i - a potion of flight {unknown}


   Skills:
 + Level 3.7 Fighting
 + Level 3.4(4.0) Axes
 + Level 3.0(3.8) Polearms
 + Level 3.3 Armour
 + Level 1.3 Dodging
 + Level 0.2 Stealth
 + Level 3.2 Shields


You had 5 spell levels left.
You didn't know any spells.
Your spell library contained the following spells:

 Spells                   Type           Power      Damage    Failure   Level
 Pain                     Necr           0%         1d4       86%         1
 Sandblast                Erth           0%         2d4       86%         1
 Passwall                 Tmut/Erth      0%         N/A       94%         2
 Stone Arrow              Conj/Erth      0%         3d7       99%         3
 Agony                    Necr           0%         N/A       100%        5
 Excruciating Wounds      Necr           0%         N/A       100%        5


Dungeon Overview and Level Annotations

Branches:
Dungeon (4/15)
 Temple: D:4-7

Altars:
Dithmenos
Trog

Shops:
D:1 *


Innate Abilities, Weirdness & Mutations

Your natural rate of healing is accelerated.
You have razor-sharp teeth.
You have supernaturally acute eyesight. (SInv)
You are afflicted with vampirism and can become a bat while bloodless.


Message History

The gnoll hits you from afar with a +2 halberd of protection!
* * * LOW HITPOINT WARNING * * *
You see here a +0 flail.
A bat comes into view.
The bat moves out of view.
The adder barely misses you. The adder bites you.
* * * LOW HITPOINT WARNING * * *
You are poisoned.
The adder poisons you!
You feel sick.
An orc wizard comes into view. It is wielding a +0 dagger.
You feel sick.
The orc wizard shouts!
The orc wizard points at you and mumbles some strange words.
You resist with some effort.
An orc comes into view. It is wielding a +0 club.
You feel sick.
The orc shouts!
You hear an angry hiss.
A ball python comes into view.
The bat hits you but does no damage.
You feel sick. The bat hits you but does no damage. x2
An orc wizard and an orc priest come into view.
You feel sick.
You are no longer poisoned.
The orc wizard shouts!
The orc priest shouts!
The bat barely misses you. The adder bites you but does no damage.
You barely miss the orc wizard. The bat hits you but does no damage.
The adder misses you. The ball python closely misses you.
The ball python grabs you. The ball python constricts you.
You hit the orc wizard.
Space warps around the orc wizard.
The orc wizard is moderately wounded.
The bat barely misses you. The adder bites you but does no damage.
You block the orc's attack. The ball python barely misses you.
The ball python constricts you.
You closely miss the orc. You bite the orc.
The orc is moderately wounded.
The bat barely misses you.
The gnoll hits you from afar with a +2 halberd of protection!
You die...

...............
...............
...........o...
...........o.
............
..........#
.......oS.#
.....bo@..#
......So..#
.......g..#
..........#####
...............
.....$.........
...............
...............
...............


You could see an orc priest, 2 orc wizards, a gnoll, an adder, 2 orcs, a bat and
a ball python.

Vanquished Creatures
  A black bear (D:4)
  A water moccasin skeleton (D:4)
  A howler monkey (D:2)
  An orc priest (D:4)
  An orc wizard (D:3)
  6 gnolls
  2 adders
  An adder skeleton (D:4)
  A worm (D:4)
  3 dart slugs
  7 orcs
  5 endoplasms
  2 giant cockroaches
  4 hobgoblins
  7 jackals
  A quokka (D:1)
  7 ball pythons
  2 bats
  10 frilled lizards
  5 goblins
  7 kobolds
  3 rats
78 creatures vanquished.

Vanquished Creatures (others)
  9 fungi (D:1)
  4 plants (D:1)
13 creatures vanquished.

Grand Total: 91 creatures vanquished

Notes
Turn   | Place    | Note
-------+----------+-------------------------------------------
     0 | D:1      | kblaster33 the Vampire Fighter began the quest for the Orb.
     0 | D:1      | Reached XP level 1. HP: 17/17 MP: 1/1
   376 | D:1      | Found a faded altar of an unknown god.
   455 | D:1      | Prayed at the altar of an unknown god.
   455 | D:1      | Became a worshipper of Trog the Wrathful
   455 | D:1      | Reached * piety under Trog
   478 | D:1      | Reached XP level 2. HP: 22/23 MP: 2/2
   573 | D:1      | Found Puirph's General Store.
  1098 | D:2      | Gained mutation: You are afflicted with vampirism and can
                  | become a bat while bloodless. [Vampire growth]
  1098 | D:2      | Reached XP level 3. HP: 26/29 MP: 3/3
  1263 | D:2      | Reached XP level 4. HP: 25/35 MP: 4/4
  1769 | D:2      | Reached ** piety under Trog
  1987 | D:3      | Reached XP level 5. HP: 40/41 MP: 5/5
  1997 | D:3      | Reached skill level 1 in Dodging
  2005 | D:3      | You fall into a shaft and drop 1 floor!
  2011 | D:4      | Found a shadowy altar of Dithmenos.
  2037 | D:4      | Fell from the grace of Trog
  2037 | D:4      | Became a worshipper of Dithmenos the Shadowed
  2082 | D:4      | Reached skill level 1 in Polearms
  2123 | D:4      | Noticed a black bear
  2143 | D:4      | Killed a black bear
  2144 | D:4      | Reached XP level 6. HP: 31/47 MP: 6/6
  2207 | D:4      | Identified the +1 chain mail of Leapfrog {-Tele rF+++
                  | Will+++ SInv}
  2316 | D:3      | Slain by a gnoll

Illustrated notes

Levels and vault maps discovered:
D:1:      nzn_arrival_settlement, layout_loops_ring, serial_shops,
          nicolae_shop_stone, shapermc_ecumenical_altar_mp_urbaneastern
D:2:      layout_basic, minmay_lizard_pond
D:3:      layout_basic, lemuel_tele_altar, serial_shops, shop
D:4:      layout_cave_pools, nicolae_dithmenos_the_darkroom, minitemple,
          mainiacjoe_overflow_alcove_4, minmay_close_crescents

Skill      XL: |  1  2  3  4  5  6 |
---------------+-------------------+-----
Axes           | 2 3 |  3.4
Fighting       | 3 |  3.7
Shields        | 3 |  3.2
Armour         | 3 |  3.3
Dodging        | 1 |  1.3
Polearms       | 2 3 |  3.0
Stealth        | |  0.2

Action                   |  1- 3 |  4- 6 || total
-------------------------+-------+-------++-------
Melee: War axe           |   108 |       ||   108
       Bite              |    11 |     7 ||    18
       Spear             |       |   122 ||   122
Armor: Scale mail        |    45 |    74 ||   119
Dodge: Dodged            |    43 |    78 ||   121
Block: Buckler           |    29 |    33 ||    62
